 Dungeon Crawl Stone Soup version 0.17.0-24-gcfadda4 (webtiles) character file.

137 Raultor the Sneak (level 5, 0/35 HPs)
             Began as a Vampire Enchanter on Nov 16, 2015.
             Slain by an orc wizard
             ... wielding a +0 dagger
              (5 damage)
             ... on level 3 of the Dungeon.
             The game lasted 00:08:12 (2551 turns).

Raultor the Sneak (Vampire Enchanter)               Turns: 2551, Time: 00:08:13

Health: 0/35       AC:  0    Str:  2    XL:     5   Next: 0%
Magic:  5/8        EV: 20    Int: 19    God:
Gold:   59         SH:  0    Dex: 19    Spells: 3 memorised, 2 levels left

rFire  . . .     SeeInvis +     (weapon currently unavailable)
rCold  + + .     Clarity  .     (armour currently unavailable)
rNeg   + + +     SustAt   .     (shield currently unavailable)
rPois  +         Gourm    .     (helmet currently unavailable)
rElec  .         Spirit   .     (cloak currently unavailable)
rCorr  .         Warding  .     (gloves currently unavailable)
rMut   .         Stasis   .     (boots currently unavailable)
MR     .....                    (no amulet)
Stlth  ++........               (ring currently unavailable)
                                (ring currently unavailable)

@: confused, bat-form, flying, regenerating slowly, very quick, not resistant to
hostile enchantments, unstealthy
A: (fangs 0), see invisible, (unbreathing)
a: End Transformation


You were on level 3 of the Dungeon.
You were near bloodless.
You were in vampire-bat-form.
You visited 1 branch of the dungeon, and saw 3 of its levels.

You collected 59 gold pieces.

Inventory:

Hand Weapons
 a - a +1 dagger (melded)
Armour
 b - a +1 robe (melded)
Jewellery
 n - a +2 ring of slaying (melded)
Scrolls
 g - a scroll of enchant armour {unknown}
 h - 2 scrolls of remove curse {unknown}
 j - a scroll of fear {unknown}
 l - a scroll of identify {unknown}
 m - a scroll of blinking {unknown}
 p - a scroll of magic mapping {unknown}
Potions
 d - 15 potions of blood
 e - a potion of brilliance {unknown}
 f - a potion of ambrosia {unknown}
 i - 2 potions of might {unknown}
 k - a potion of poison {unknown}
 o - a potion of lignification {unknown}
 q - a potion of heal wounds {unknown}
Books
 c - a book of Maledictions

   Spells                             Type                      Level
   a - Corona                         Hexes                        1
   b - Ensorcelled Hibernation        Hexes/Ice                    2
   c - Confuse                        Hexes                        3
   d - Tukima's Dance                 Hexes                        3
   e - Dazzling Spray                 Conjuration/Hexes            3


   Skills:
 + Level 2.1 Short Blades
 - Level 2.1 Dodging
 + Level 7.2 Stealth
 - Level 2.0 Spellcasting
 + Level 5.9 Hexes


You had 2 spell levels left.
You knew the following spells:

 Your Spells              Type           Power        Failure   Level  Hunger
a - Corona                Hex            ###....      1%          1    #......
b - Ensorcelled Hibernat  Hex/Ice        ##....       10%         2    ###....
c - Tukima's Dance        Hex            ###.....     6%          3    ###....


Dungeon Overview and Level Annotations

Branches:
Dungeon (3/15)

Altars:
Makhleb

Annotations:
D:3 Ijyb, Natasha, Terence


Innate Abilities, Weirdness & Mutations

You heal slowly.
((You have razor-sharp teeth.))
You have supernaturally acute eyesight.
((You can survive without breathing.))


Message History

You resist with some effort.
The orc wizard points at you and mumbles some strange words.
You are confused.
The orc misses you. Ijyb closely misses you.
You bump into the rock wall.
Ijyb barely misses you.
You bump into the rock wall.
The orc closely misses you.
The orc wizard casts a spell.
The orc wizard flickers and vanishes for a moment.
Ijyb misses you.
You bump into the rock wall.
Ijyb hits you with a dagger of electrocution.
* * * LOW HITPOINT WARNING * * *
You bump into the rock wall.
The orc completely misses you.
Ijyb hits you with a dagger of electrocution.
* * * LOW HITPOINT WARNING * * *
The orc closely misses you.
The orc shouts!
You hit the orc wizard but do no damage.
The orc wizard hits you with a dagger.
You die...

#.# #.# ###'#########
#...........# #...........#
#...........#
##############...........#
#........o...#...........#
#.......gob..#....h......##
#............#...........#.
###..........#...........#.
#..........#...........#.
#............'...........'.
#.#..........###.######.##.
#.#.........o###a######.##.
# +..................##.##.
#..........###.###g.#.###


You could see Ijyb, an orc wizard (invisible) and 2 orcs.

Vanquished Creatures
  A hound (D:2)
  Natasha (twice) (D:3)
  An adder (D:2)
  A gnoll (D:1)
  2 giant geckos
  7 bats (D:1)
  2 giant cockroaches (D:1)
  10 goblins
  9 hobgoblins
  2 quokkas
  A ball python (D:2)
  A giant newt (D:1)
  11 kobolds
  A rat (D:1)
51 creatures vanquished.

Notes
Turn   | Place    | Note
--------------------------------------------------------------
     0 | D:1      | Raultor the Vampire Enchanter began the quest for the Orb.
     0 | D:1      | Reached XP level 1. HP: 13/13 MP: 3/3
   121 | D:1      | Reached skill level 5 in Stealth
   121 | D:1      | Reached XP level 2. HP: 4/19 MP: 1/5
   131 | D:1      | Reached skill level 5 in Hexes
   488 | D:1      | Learned a level 2 spell: Ensorcelled Hibernation
   656 | D:1      | Reached XP level 3. HP: 16/24 MP: 6/6
  1439 | D:1      | Learned a level 3 spell: Tukima's Dance
  1578 | D:2      | Reached skill level 6 in Stealth
  1712 | D:2      | Reached XP level 4. HP: 17/30 MP: 2/7
  2041 | D:2      | Found a burning altar of Makhleb.
  2259 | D:3      | Noticed Natasha
  2266 | D:3      | Killed Natasha
  2266 | D:3      | Reached skill level 7 in Stealth
  2272 | D:3      | Noticed Natasha
  2277 | D:3      | Killed Natasha
  2333 | D:3      | Reached XP level 5. HP: 26/35 MP: 0/8
  2447 | D:3      | Noticed Terence
  2447 | D:3      | Noticed Ijyb
  2461 | D:3      | Noticed Natasha
  2551 | D:3      | Slain by an orc wizard

Action                   |  1- 3 |  4- 6 || total
-------------------------+-------+-------++-------
Melee: Dagger            |   142 |    19 ||   161
       Unarmed           |       |     1 ||     1
 Cast: Corona            |     3 |       ||     3
       Ensorcelled Hiber |     7 |    12 ||    19
 Abil: Bat Form          |       |     1 ||     1
 Stab: Sleeping          |    13 |     7 ||    20
